 Dungeon Crawl Stone Soup version 0.21-a0-504-g2eda330 (webtiles) character file.

57 slep the Skirmisher (level 3, -1/30 HPs)
             Began as a Demonspawn Monk on Nov 26, 2017.
             Slain by an orc priest
             ... wielding a +0 war axe
              (5 damage)
             ... on level 2 of the Dungeon.
             The game lasted 00:03:23 (970 turns).

slep the Skirmisher (Demonspawn Monk)                Turns: 970, Time: 00:03:24

Health: -1/30      AC:  6    Str: 12    XL:     3   Next: 73%
Magic:  3/3        EV: 10    Int: 11    God:
Gold:   68         SH:  0    Dex: 15    Spells: 2/2 levels left

rFire    . . .     SeeInvis .   a - +0 spear
rCold    . . .     Gourm    .   (no shield)
rNeg     . . .     Faith    .   h - +0 scale mail
rPois    .         Spirit   .   (no helmet)
rElec    .         Reflect  .   (no cloak)
rCorr    .         Harm     .   (no gloves)
MR       .....                  (no boots)
Stlth    +.........             (no amulet)
HPRegen  0.10/turn              (no ring)
MPRegen  0.08/turn              (no ring)

@: no status effects
A: claws 1, spiny 1
a: no special abilities


You were on level 2 of the Dungeon.
You were not hungry.

You visited 1 branch of the dungeon, and saw 2 of its levels.

You collected 68 gold pieces.

Inventory:

Hand Weapons
 a - a +0 spear (weapon)
Armour
 b - a +0 robe
 h - a +0 scale mail (worn)
Scrolls
 d - a scroll of remove curse {unknown}
 e - a scroll of amnesia {unknown}
 g - a scroll of teleportation {unknown}
Potions
 i - a potion of lignification {unknown}
Comestibles
 c - a bread ration
 f - a royal jelly


   Skills:
 + Level 3.7 Fighting
 + Level 3.3 Polearms
 + Level 3.1 Dodging
 + Level 1.8 Stealth


You had 2 spell levels left.
You didn't know any spells.

Dungeon Overview and Level Annotations

Branches:
Dungeon (2/15)

Altars:


Innate Abilities, Weirdness & Mutations

You have sharp fingernails.
You are partially covered in sharp spines.


Message History

You hit the orc priest.
The orc priest is moderately wounded.
The orc priest misses you.
You hit the orc priest but do no damage.
The orc priest is moderately wounded.
The orc priest begins to cast a cantrip, but forgets the words!
You hit the orc priest but do no damage.
The orc priest is moderately wounded.
The orc priest closely misses you.
You hit the orc priest but do no damage.
The orc priest is moderately wounded.
You hit the orc priest but do no damage.
The orc priest is moderately wounded.
The orc priest hits you but does no damage.
The orc wizard mumbles some strange words.
The orc wizard blinks!
You hit the orc priest.
The orc priest is heavily wounded.
The orc priest hits you with a war axe.
You die...

.........########
###...#....#
##.##..#.# ##
##...#
###.#######
#..<.......
#.#.###.... #.#w#
## # #@# #o# #o#
#r# .o# ###


You could see a worm, an orc priest, an orc wizard, an orc and a rat.

Vanquished Creatures
  2 adders (D:2)
  An ooze (D:1)
  2 dart slugs (D:1)
  An orc (D:2)
  5 bats (D:1)
  A giant cockroach (D:1)
  4 hobgoblins (D:1)
  2 frilled lizards (D:1)
  4 goblins (D:1)
  3 kobolds
  10 rats
35 creatures vanquished.

Notes
Turn   | Place    | Note
-------+----------+-------------------------------------------
     0 | D:1      | slep the Demonspawn Monk began the quest for the Orb.
     0 | D:1      | Reached XP level 1. HP: 18/18 MP: 1/1
    87 | D:1      | Gained mutation: You have sharp fingernails. [demonic ancestry]
    87 | D:1      | Reached XP level 2. HP: 21/24 MP: 2/2
   359 | D:1      | Gained mutation: You are partially covered in sharp spines. [demonic ancestry]
   359 | D:1      | Reached XP level 3. HP: 23/29 MP: 3/3
   970 | D:2      | Slain by an orc priest

Vault maps used:
D:1:      dpeg_arrival_subterranean_lakeside_camping
D:2:      lemuel_zombie_altar_yredelemnul, nicolae_overflow_crystal_walls

Skill      XL: |  1  2 |
---------------+-------+-----
Polearms       | 3 |  3.3
Dodging        | 3 |  3.1
Fighting       | |  3.7
Stealth        | |  1.8

Action                   || total
-------------------------++-------
Melee: Spear             ||   130
Armor: Robe              ||    12
       Scale mail        ||     9
Dodge: Dodged            ||    66

Table legend:
 A = Spawn XP
 B = Non-spawn XP
 C = Spawn XP percentage of total XP
 D = Spawn monster count
 E = Non-spawn monster count
 F = Spawn count percentage of total count
 G = Total turns spent on level
                    A         B        C        D         E        F      G
               +---------+---------+-------+---------+---------+-------+---------
         Total |       0 |      82 |   0.0 |       0 |      35 |   0.0 |   970
               +---------+---------+-------+---------+---------+-------+---------
           D:1 |       0 |      50 |   0.0 |       0 |      29 |   0.0 |   800
           D:2 |       0 |      32 |   0.0 |       0 |       6 |   0.0 |   170
               +---------+---------+-------+---------+---------+-------+---------
